 Dungeon Crawl Stone Soup version 0.29-a0-275-g389c0b56f3 (webtiles) character file.

Game seed: 12696274321962679934

805 Bweil the Sneak (level 7, 0/32 HPs)
             Began as a Spriggan Enchanter on Mar 12, 2022.
             Was an Initiate of Dithmenos.
             Slain by Murumi's ghost (3 damage)
             ... on level 5 of the Dungeon.
             The game lasted 00:13:58 (4954 turns).

Bweil the Sneak (Spriggan Enchanter)                Turns: 4954, Time: 00:13:58

Health: 0/32       AC:  7    Str:  6    XL:     7   Next: 60%
Magic:  5/18       EV: 18    Int: 16    God:    Dithmenos [......]
Gold:   204        SH:  0    Dex: 22    Spells: 8/19 levels left

rFire   . . .      SeeInvis +   a - +2 dagger
rCold   . . .      Faith    .   (no shield)
rNeg    . . .      Spirit   .   b - +1 robe
rPois   .          Reflect  .   (helmet restricted)
rElec   .          Harm     .   (no cloak)
rCorr   .          Rampage  .   (gloves unavailable)
Will    +....                   (boots unavailable)
Stlth   ++++......              m - amulet of regeneration
HPRegen 0.90/turn               g - +6 ring of dexterity
MPRegen 0.16/turn               p - +4 ring of protection

@: confusing by touch, attractive, hasted, invisible, very quick
A: very small, no large weapons, unfitting armour, see invisible, speed 3
a: Renounce Religion


You were on level 5 of the Dungeon.
You worshipped Dithmenos.
Dithmenos was noncommittal.
You visited 1 branch of the dungeon, and saw 5 of its levels.

You collected 204 gold pieces.

Inventory:

Hand Weapons
 a - a +2 dagger (weapon)
 f - a +0 dagger of flaming
Missiles
 u - a throwing net (quivered)
Armour
 b - a +1 robe (worn)
Jewellery
 g - a +6 ring of dexterity (left hand)
 l - a ring of resist corrosion
 m - an amulet of regeneration (around neck)
 p - a +4 ring of protection (right hand)
 t - a ring of protection from fire
Wands
 q - a wand of polymorph (4)
Scrolls
 h - a scroll of summoning
 k - a scroll of teleportation
 s - a scroll of magic mapping
Potions
 c - a potion of invisibility
 d - a potion of haste
 i - 3 potions of brilliance
 j - a potion of attraction
 n - a potion of lignification {unknown}
 o - a potion of mutation {unknown}
 r - a potion of flight {unknown}


   Skills:
 - Level 1.1 Short Blades
 - Level 2.6 Dodging
 + Level 7.6 Stealth
 + Level 6.9 Spellcasting
 + Level 7.3 Hexes


You had 8 spell levels left.
You knew the following spells:

 Your Spells              Type           Power      Damage    Failure   Level
a - Ensorcelled Hibernat  Hex/Ice        34%        N/A       4%          2
b - Tukima's Dance        Hex            29%        N/A       1%          3
c - Dazzling Flash        Conj/Hex       34%        N/A       9%          3
d - Confusing Touch       Hex            29%        N/A       1%          3

Your spell library contained the following spells:

 Spells                   Type           Power      Damage    Failure   Level
 Sandblast                Erth           10%        2d5       13%         1
 Passwall                 Tmut/Erth      4%         N/A       19%         2
 Scorch                   Fire           10%        2d6       19%         2
 Ozocubu's Armour         Ice            5%         N/A       36%         3
 Stone Arrow              Conj/Erth      10%        3d7       36%         3
 Metabolic Englaciation   Hex/Ice        8%         N/A       58%         5
 Flame Wave               Conj/Fire      5%         2d5       77%         4
 Simulacrum               Ice/Necr       2%         N/A       100%        6
 Summon Cactus Giant      Summ           2%         N/A       100%        6


Dungeon Overview and Level Annotations

Branches:
Dungeon (5/15)
 Temple: D:4-7

Altars:
Dithmenos
Kikubaaqudgha
Nemelex Xobeh

Annotations:
D:5 1 transporter, Murumi's ghost, novice OgGl


Innate Abilities, Weirdness & Mutations

You are very small and have problems with some larger weapons.
You are too small for most types of armour.
You have supernaturally acute eyesight. (SInv)
You cover ground extremely quickly. (Speed+++)


Message History

You feel as though your hastened speed will last longer.
You feel sick.
It was a potion of attraction.
You feel attractive to monsters.
You feel sick.
The gnoll sergeant barely misses you. x2
Murumi's ghost completely misses you.
Unknown command.
You hit Murumi's ghost but do no damage.
You feel sick. The gnoll sergeant barely misses you. Murumi's ghost misses you.
You strike the helpless Murumi's ghost from behind!
You hit Murumi's ghost but do no damage.
You feel sick.
Unknown command.
Unknown command.
Unknown command.
You feel better. The gnoll sergeant hits you! Murumi's ghost misses you.
Unknown command.
Unknown command.
Murumi's ghost hits you!
* * * LOW HITPOINT WARNING * * *
x2 The gnoll is attracted toward you.
The gnoll sergeant is attracted toward you.
The gnoll is attracted toward you.
You feel better.
The gnoll sergeant completely misses you.
The gnoll is attracted toward you.
Casting: Confusing Touch (safe; 1% risk of failure)
Confirm with . or Enter, or press ? or * to list all spells.
Aiming: Tukima's Dance (safe; 1% risk of failure)
Press: ? - help, Shift-Dir - straight line, f - gnoll, p - gnoll sergeant
Aim: a gnoll, wielding a +0 spear and carrying a wand of flame (29) (wandering, can't see you, hasn't noticed you, chance to confuse on hit: 67%, chance to affect: 67%)
The gnoll shouts!
The +0 spear dances into the air!
You strike the helpless gnoll from behind!
You hit the gnoll but do no damage. The gnoll sergeant misses you.
The gnoll zaps a wand.
The puff of flame misses you.
The puff of flame hits the gnoll sergeant!
The gnoll sergeant is burned terribly!
Murumi's ghost hits you!
* * * LOW HITPOINT WARNING * * *
You die...

#.≈≈#...#.###.©.###.#...#≈≈...
#.≈≈#...###©#####g###...#≈≈...
#.≈≈###...............###≈≈...
##.≈≈.8#.######'######.#8.≈≈...
#..≈≈.##.#. #8..#.⌠.#.##.≈≈.#.
#..≈≈.#g.'. #⌠g..(..'..#.≈≈...
#..≈≈.##.#.. #8gg#.⌠.#.##.≈≈..#
#..≈≈.8#.######W######.#8.≈≈...
#..≈≈###...§(g@g§).....###≈≈..#
##..≈≈#g..###§#####.###...#≈≈...
#...≈≈#g..#.###.©.###.#..g#≈≈..#
##.).≈≈#####...........#####≈≈..#
.....≈≈≈≈≈≈≈≈≈≈≈...≈≈≈≈≈≈≈≈≈≈≈..#
###..≈≈≈≈≈≈≈≈≈≈≈...≈≈≈≈≈≈≈≈≈≈≈..#
###..............................
.##....####.#####.##.####.#####.#
.#..#### #.# #.##.###..# #..


You could see 2 gnoll sergeants, Murumi's ghost (can't see you), 3 gnolls and a
friendly +0 spear.

Vanquished Creatures
  2 ogres (D:5)
  A phantom (D:5)
  2 scorpions (D:5)
  2 hounds (D:5)
  2 iguanas
  Natasha (thrice) (D:4)
  An orc wizard (D:4)
  8 adders
  3 dart slugs
  3 orcs
  5 bats
  5 endoplasms
  6 goblins
  6 hobgoblins
  3 jackals (D:3)
  3 quokkas
  5 ball pythons
  2 frilled lizards (D:1)
  2 kobolds (D:2)
  6 rats
70 creatures vanquished.

Vanquished Creatures (collateral kills)
  An ogre (D:5)
  A gnoll (D:5)
  An orc (D:4)
3 creatures vanquished.

Vanquished Creatures (others)
  2 dancing weapons (D:5)
  6 plants (D:5)
8 creatures vanquished.

Grand Total: 81 creatures vanquished

Notes
Turn   | Place    | Note
-------+----------+-------------------------------------------
     0 | D:1      | Bweil the Spriggan Enchanter began the quest for the Orb.
     0 | D:1      | Reached XP level 1. HP: 9/9 MP: 5/5
   149 | D:1      | Reached XP level 2. HP: 7/13 MP: 7/7
   152 | D:1      | Learned a level 2 spell: Ensorcelled Hibernation
   420 | D:1      | Found a faded altar of an unknown god.
  1096 | D:2      | Reached XP level 3. HP: 16/16 MP: 9/9
  1100 | D:2      | Learned a level 3 spell: Tukima's Dance
  1104 | D:2      | Learned a level 3 spell: Confusing Touch
  2215 | D:3      | Reached XP level 4. HP: 21/21 MP: 11/11
  2222 | D:3      | Learned a level 3 spell: Dazzling Flash
  2254 | D:3      | Reached skill level 5 in Hexes
  2648 | D:3      | Identified the +7 whip "Cimal" {vorpal, Fragile +Blink rF++
                  | Will+}
  3187 | D:4      | Found an ancient bone altar of Kikubaaqudgha.
  3263 | D:4      | Noticed Natasha
  3306 | D:4      | Killed Natasha
  3307 | D:4      | Reached XP level 5. HP: 24/24 MP: 10/13
  3310 | D:4      | Noticed Natasha
  3318 | D:4      | Killed Natasha
  3319 | D:4      | Reached skill level 5 in Spellcasting
  3448 | D:5      | Entered Level 5 of the Dungeon
  3448 | D:5      | Found a sparkling altar of Nemelex Xobeh.
  3602 | D:5      | Noticed an ogre
  3616 | D:5      | Killed an ogre
  3617 | D:5      | Reached skill level 5 in Stealth
  3617 | D:5      | Reached XP level 6. HP: 25/28 MP: 4/15
  3731 | D:5      | Identified the +7 spear "Kedewnil" {venom, *Slow rElec
                  | rPois Int+5}
  3993 | D:5      | Reached XP level 7. HP: 32/32 MP: 7/17
  4203 | D:4      | Noticed Natasha
  4210 | D:4      | Killed Natasha
  4474 | D:5      | Found a transporter.
  4591 | D:5      | Found a shadowy altar of Dithmenos.
  4597 | D:5      | Became a worshipper of Dithmenos the Shadowed
  4620 | D:5      | Found a transporter.
  4908 | D:5      | Noticed Murumi's ghost (novice OgGl)
  4950 | D:5      | HP: 1/32 [Murumi's ghost (3)]
  4954 | D:5      | Slain by Murumi's ghost

Illustrated notes

Levels and vault maps discovered:
D:1:      beargit_arrival_greenhouse, layout_loops_ring,
          hellmonk_ecumenical_altar_run_dry, minmay_pentomino_t2
D:2:      layout_loops_cross
D:3:      layout_basic, nicolae_figureground_sparkle
D:4:      layout_basic, nicolae_kikubaaqudgha_miasma_corner,
          minmay_strange_pillars, uniq_natasha
D:5:      layout_loops_ring, nemelex_dance_club_becter, kennysheep_little_box,
          gammafunk_ghost_gnarly_gnolls, nrook_mini_vaults

Skill      XL: |  1  2  3  4  5  6  7 |
---------------+----------------------+-----
Spellcasting   | 3 4 5 6 |  6.9
Hexes          | 4 5 6 7 |  7.3
Stealth        | 5 6 7 |  7.6
Short Blades   | |  1.1
Dodging        | |  2.6

Action                   |  1- 3 |  4- 6 |  7- 9 || total
-------------------------+-------+-------+-------++-------
Melee: Dagger            |   104 |    61 |    26 ||   191
 Cast: Ensorcelled Hiber |    15 |    22 |    13 ||    50
       Tukima's Dance    |       |     5 |     6 ||    11
       Confusing Touch   |       |     1 |     2 ||     3
  Use: Scroll            |     3 |     5 |     1 ||     9
       Potion            |       |       |     7 ||     7
 Stab: Sleeping          |    17 |    18 |     7 ||    42
       Distracted        |     1 |       |       ||     1
       Confused          |       |     1 |     1 ||     2
       Invisible         |       |       |     2 ||     2
Armor: Robe              |    12 |     6 |     7 ||    25
Dodge: Dodged            |    88 |    53 |    30 ||   171

Table legend: (Time is in decaauts)
 A = Elapsed time spent in this place.
 B = Non-inter-level travel time spent in this place.
 C = Inter-level travel time spent in this place.
 D = Time resting spent in this place.
 E = Time spent auto-exploring this place.
 F = Levels seen in this place.
 G = Mean time per level.
                   A        B        C        D        E       F      G
               +--------+--------+--------+--------+--------+-----+--------+
         Total |   3691 |   3593 |     98 |    352 |   2492 |   5 |  738.2 |
       Dungeon |   3691 |   3593 |     98 |    352 |   2492 |   5 |  738.2 |
               +--------+--------+--------+--------+--------+-----+--------+

Top non-repeatable levels by time:
     D:1: 810 daAuts
     D:5: 806 daAuts
     D:2: 774 daAuts
     D:4: 674 daAuts
     D:3: 625 daAuts
